 Dungeon Crawl Stone Soup version 0.30-a0-639-g3916f1956a (webtiles) character file.

Game seed: 15053911084912736081

123 pokeman the Magician (level 4, 0/25 HPs)
             Began as a Deep Elf Hedge Wizard on Jan 16, 2023.
             Succumbed to Crazy Yiuf's poison
             ... on level 2 of the Dungeon.
             The game lasted 00:04:34 (2631 turns).

pokeman the Magician (Deep Elf Hedge Wizard)        Turns: 2631, Time: 00:04:34

Health: 0/25       AC:  4    Str:  7    XL:     4   Next: 79%
Magic:  4/13       EV: 12    Int: 21    God:
Gold:   67         SH:  0    Dex: 14    Spells: 5/14 levels left

rFire   . . .      SeeInvis .    a - +0 dagger
rCold   . . .      Faith    .    (no shield)
rNeg    . . .      Spirit   .    j - +2 robe
rPois   .          Reflect  .    c - +0 hat
rElec   .          Harm     .    (no cloak)
rCorr   .          Rampage  .    (no gloves)
Will    .....                    (no boots)
Stlth   ++                       (no amulet)
HPRegen 0.24/turn                (no ring)
MPRegen 0.13/turn                (no ring)

@: mighty, lethally poisoned (0 -> -1), on berserk cooldown, very slightly
contaminated, hasted and slowed
A: no striking features
a: no special abilities


You were on level 2 of the Dungeon.
You visited 1 branch of the dungeon, and saw 2 of its levels.

You collected 67 gold pieces.

Inventory:

Hand Weapons
 a - a +0 dagger (weapon)
Armour
 c - a +0 hat (worn)
 j - a +2 robe (worn)
Scrolls
 b - a scroll of vulnerability {unknown}
 f - a scroll of enchant armour {unknown}
 g - a scroll of noise {unknown}
 i - 2 scrolls of immolation {unknown}
Potions
 d - 2 potions of magic
 h - a potion of haste


   Skills:
 - Level 1.1 Fighting
 - Level 1.1 Armour
 + Level 2.7 Dodging
 + Level 2.7 Stealth
 * Level 5.9 Spellcasting
 + Level 2.4 Conjurations
 - Level 1.1 Summonings
 - Level 1.1 Translocations


You had 5 spell levels left.
You knew the following spells:

 Your Spells              Type           Power      Damage    Failure   Level
a - Magic Dart            Conj           64%        1d6       3%          1
b - Mephitic Cloud        Conj/Pois/Air  9%         N/A       22%         3
c - Call Imp              Summ           10%        N/A       10%         2
d - Blink                 Tloc           20%        N/A       10%         2
e - Shock                 Conj/Air       44%        1d5       6%          1

Your spell library contained the following spells:

 Spells                   Type           Power      Damage    Failure   Level
 Slow                     Hex            24%        N/A       10%         1
 Cigotuvi's Dreadful Rot  Necr/Pois/Air  12%        N/A       16%         2
 Swiftness                Air            6%         N/A       30%         3
 Airstrike                Air            3%         2d(1-17)  69%         4
 Conjure Ball Lightning   Conj/Air       5%         3x3d6     100%        6
 Discord                  Hex            3%         N/A       100%        8
 Disjunction              Tloc           5%         N/A       100%        8


Dungeon Overview and Level Annotations

Branches:
Dungeon (2/15)

Altars:

Shops:
D:1 *   D:2 (


Message History

* * * LOW HITPOINT WARNING * * *
You feel sick.
It was a potion of might.
You feel very mighty all of a sudden.
* * * LOW HITPOINT WARNING * * *
You feel sick.
It was a potion of haste.
You feel as though your hastened speed will last longer.
* * * LOW HITPOINT WARNING * * *
You feel sick.
Sorry, you're not good enough to have a special ability.
It was a potion of berserk rage.
A red film seems to cover your vision as you go berserk!
You feel yourself moving faster!
You feel mighty!
* * * LOW HITPOINT WARNING * * *
You feel sick.
You strike the helpless Crazy Yiuf from behind!
You puncture Crazy Yiuf!
You kill Crazy Yiuf!
* * * LOW HITPOINT WARNING * * *
You feel sick. The rat misses you.
Things that are here:
a +3 quarterstaff of chaos; a +0 cloak; the gnoll corpse of Crazy Yiuf You puncture the rat!
You kill the rat!
* * * LOW HITPOINT WARNING * * *
You feel sick.
Found a potion of might.
* * * LOW HITPOINT WARNING * * *
You feel sick.
You see here a rat corpse.
Found a sling.
You feel a strong urge to attack something.
* * * LOW HITPOINT WARNING * * *
You feel sick.
You feel your anger nearly subside.
You are no longer berserk.
You are exhausted.
You feel yourself slow down.
You die...

##### ##...##
##....)# ...!..#
.# ..... .# ... .#
#.# .# #@# .# #.#
.# #.# ########
#†# ...g...# #)#
######.# #.# #.#
#.# #÷# #.#
######.######.##.#


There were no monsters in sight!

Vanquished Creatures
  Crazy Yiuf (D:2)
  Jessica (D:2)
  3 adders (D:2)
  A worm (D:2)
  A dart slug (D:1)
  4 endoplasms
  A giant cockroach (D:1)
  4 goblins
  6 hobgoblins
  2 quokkas
  5 bats
  3 frilled lizards
  4 kobolds
  4 rats
40 creatures vanquished.

Notes
Turn   | Place    | Note
-------+----------+-------------------------------------------
     0 | D:1      | pokeman the Deep Elf Hedge Wizard began the quest for the
                  | Orb.
     0 | D:1      | Reached XP level 1. HP: 10/10 MP: 7/7
   489 | D:1      | Reached XP level 2. HP: 5/16 MP: 1/9
   956 | D:1      | Found a faded altar of an unknown god.
  1065 | D:1      | Found Beuc's Assorted Antiques.
  1186 | D:1      | Reached skill level 5 in Spellcasting
  1511 | D:2      | Noticed Jessica
  1528 | D:2      | Killed Jessica
  1529 | D:2      | Reached skill level 1 in Fighting
  1529 | D:2      | Reached skill level 1 in Armour
  1529 | D:2      | Reached XP level 3. HP: 15/20 MP: 0/11
  1533 | D:2      | Learned a level 3 spell: Mephitic Cloud
  1536 | D:2      | Learned a level 2 spell: Blink
  1539 | D:2      | Learned a level 2 spell: Call Imp
  1769 | D:2      | Reached XP level 4. HP: 22/25 MP: 3/13
  2102 | D:2      | Learned a level 1 spell: Shock
  2108 | D:2      | Found Jusi's Weapon Shop.
  2313 | D:2      | Found a runed translucent door.
  2314 | D:2      | Noticed Crazy Yiuf
  2625 | D:2      | Killed Crazy Yiuf
  2629 | D:2      | HP: 1/37 [poisoned by Crazy Yiuf]
  2631 | D:2      | Succumbed to Crazy Yiuf's poison

Illustrated notes

Levels and vault maps discovered:
D:1:      eino_arrival_tree_alley, layout_loops_corners, serial_shops,
          nicolae_square_shop, chequers_ecumenical_altar_lobes
D:2:      minmay_chambers_of_ones, layout_loops_ring, serial_shops, shop,
          uniq_crazy_yiuf_cottage, uniq_jessica

Skill      XL: |  1  2 |
---------------+-------+-----
Spellcasting   | 5 |  5.9
Fighting       | 1 |  1.1
Armour         | 1 |  1.1
Conjurations   | 2 |  2.4
Dodging        | |  2.7
Stealth        | |  2.7
Summonings     | |  1.1
Translocations | |  1.1

Action                   |  1- 3 |  4- 6 || total
-------------------------+-------+-------++-------
Melee: Dagger            |     5 |     8 ||    13
 Cast: Magic Dart        |    99 |    20 ||   119
       Shock             |       |     6 ||     6
       Blink             |       |     3 ||     3
       Mephitic Cloud    |       |     2 ||     2
  Use: Potion            |       |     3 ||     3
 Stab: Confused          |       |     1 ||     1
Armor: Robe              |     2 |     3 ||     5
Dodge: Dodged            |    15 |     6 ||    21

Table legend: (Time is in decaauts)
 A = Elapsed time spent in this place.
 B = Non-inter-level travel time spent in this place.
 C = Inter-level travel time spent in this place.
 D = Time resting spent in this place.
 E = Time spent auto-exploring this place.
 F = Levels seen in this place.
 G = Mean time per level.
                   A        B        C        D        E       F      G
               +--------+--------+--------+--------+--------+-----+--------+
         Total |   2628 |   2602 |     26 |     71 |   2220 |   2 | 1314.0 |
       Dungeon |   2628 |   2602 |     26 |     71 |   2220 |   2 | 1314.0 |
               +--------+--------+--------+--------+--------+-----+--------+

Top non-repeatable levels by time:
     D:1: 1490 daAuts
     D:2: 1137 daAuts
